 Dungeon Crawl Stone Soup version 0.27-a0-695-gb4952372f7 (webtiles) character file.

Game seed: 13450555888076527697

170 spiderkeys the Poker (level 5, -2/70 HPs)
             Began as a Minotaur Berserker on Mar 22, 2021.
             Was a Priest of Trog.
             Succumbed to an adder's poison
             ... on level 3 of the Dungeon.
             The game lasted 00:02:45 (3096 turns).

spiderkeys the Poker (Minotaur Berserker)           Turns: 3096, Time: 00:02:46

Health: -2/70      AC:  2    Str: 22    XL:     5   Next: 26%
Magic:  4/4        EV: 10    Int:  4    God:    Trog [***...]
Gold:   118        SH:  9    Dex: 16    Spells: 4/4 levels left

rFire    . . .     SeeInvis .   o - +0 trident
rCold    . . .     Faith    .   k - +0 kite shield
rNeg     . . .     Spirit   .   b - +0 animal skin
rPois    .         Reflect  .   (helmet restricted)
rElec    .         Harm     .   (no cloak)
rCorr    .         Rampage  .   (no gloves)
Will     .....                  (no boots)
Stlth    ..........             (no amulet)
HPRegen  0.21/turn              f - +6 ring of dexterity
MPRegen  0.09/turn              (no ring)

@: berserking (expiring), lethally poisoned (-2 -> -30), very quick
A: horns 2, retaliatory headbutt
a: Renounce Religion, Berserk, Trog's Hand


You were on level 3 of the Dungeon.
You worshipped Trog.
Trog was most pleased with you.
You visited 1 branch of the dungeon, and saw 3 of its levels.

You collected 118 gold pieces.

Inventory:

Hand Weapons
 o - a +0 trident (weapon)
Armour
 b - a +0 animal skin (worn)
 k - a +0 kite shield (worn)
Jewellery
 f - a +6 ring of dexterity (right hand)
Scrolls
 a - a scroll of teleportation {unknown}
 c - 3 scrolls of vulnerability {unknown}
 d - a scroll of enchant armour {unknown}
 g - 2 scrolls of identify {unknown}
 j - a scroll of noise {unknown}
Potions
 e - 2 potions of brilliance {unknown}
 h - a potion of lignification {unknown}
 i - a potion of flight {unknown}
 l - a potion of cancellation {unknown}
 m - a potion of ambrosia {unknown}
 n - a potion of attraction {unknown}


   Skills:
 + Level 4.5 Fighting
 * Level 5.2 Polearms
 + Level 3.5 Armour
 + Level 3.2 Dodging
 + Level 1.4 Shields


You had 4 spell levels left.
You didn't know any spells.
Your spell library contained the following spells:

 Spells                   Type           Power      Damage    Failure   Level
 Animate Skeleton         Necr           0%         N/A       97%         1
 Apportation              Tloc           0%         N/A       97%         1
 Corona                   Hex            0%         N/A       97%         1
 Summon Small Mammal      Summ           0%         N/A       97%         1


Dungeon Overview and Level Annotations

Branches:
Dungeon (3/15)

Altars:
Elyvilon


Innate Abilities, Weirdness & Mutations

You have a pair of horns on your head.
You reflexively headbutt those who attack you in melee.


Message History

The adder poisons you!
You puncture the adder!
You kill the adder!
Trog accepts your kill.
* * * LOW HITPOINT WARNING * * *
You feel sick. The adder closely misses you.
You hit the adder. Your headbutt misses the adder.
The adder is moderately wounded.
* * * LOW HITPOINT WARNING * * *
You feel sick. The adder bites you but does no damage.
Your shield prevents you from hitting the adder.
The adder is moderately wounded.
* * * LOW HITPOINT WARNING * * *
You feel sick. The adder bites you.
* * * LOW HITPOINT WARNING * * *
You are more poisoned.
The adder poisons you! You block the adder's attack.
You miss the adder. Your headbutt misses the adder.
The adder is moderately wounded.
* * * LOW HITPOINT WARNING * * *
You feel sick. The adder barely misses you. You block the adder's attack.
You closely miss the adder.
The adder is moderately wounded.
* * * LOW HITPOINT WARNING * * *
You feel sick. The adder bites you.
* * * LOW HITPOINT WARNING * * *
You are more poisoned.
The adder poisons you! The adder bites you.
* * * LOW HITPOINT WARNING * * *
You are more poisoned.
The adder poisons you!
You puncture the adder!
You kill the adder!
Trog accepts your kill.
* * * LOW HITPOINT WARNING * * *
You feel sick. The adder bites you.
* * * LOW HITPOINT WARNING * * *
The adder barely misses you.
You closely miss the adder.
You die...

.# ..# .# ..# #....# .# .#
...##.. #....#..#
.####...##... #....#..#
.#....#.##...##.#.....#
....###.##...##.#.....#
##......##...##.#.....#
##....#.........S.....#
#†..............@...>.#
......#........##†....+
.....####..##..####.....
.....###...##.#......#.....##
.........#.....[............#
........##########...........
.....#..#≈≈≈≈≈≈≈≈#.....>.....
#....#..#≈##..##≈#...........
#.####..#≈##..##≈#...........


You could see an adder.

Vanquished Creatures
  Jessica (D:3)
  An orc wizard (D:3)
  3 adders (D:3)
  2 oozes
  2 worms (D:3)
  2 dart slugs
  4 leopard geckos
  5 orcs (D:3)
  A ball python (D:1)
  3 giant cockroaches
  9 goblins
  8 hobgoblins
  3 jackals (D:3)
  7 bats
  6 frilled lizards
  5 kobolds
  A leopard gecko skeleton (D:3)
  6 rats
69 creatures vanquished.

Notes
Turn   | Place    | Note
-------+----------+-------------------------------------------
     0 | D:1      | spiderkeys the Minotaur Berserker began the quest for the
                  | Orb.
     0 | D:1      | Reached XP level 1. HP: 19/19 MP: 0/0
   240 | D:1      | Reached XP level 2. HP: 27/27 MP: 1/1
   256 | D:1      | Reached skill level 4 in Polearms
   646 | D:1      | Reached ** piety under Trog
  1036 | D:1      | Reached XP level 3. HP: 33/33 MP: 2/2
  1705 | D:2      | Found a white marble altar of Elyvilon.
  2350 | D:3      | Reached XP level 4. HP: 27/40 MP: 3/3
  2531 | D:3      | Noticed Jessica
  2544 | D:3      | Killed Jessica
  2545 | D:3      | Reached skill level 5 in Polearms
  2545 | D:3      | Reached skill level 1 in Shields
  2707 | D:3      | Reached XP level 5. HP: 44/47 MP: 4/4
  2859 | D:3      | Reached *** piety under Trog
  3095 | D:3      | HP: 1/70 [adder (5)]
  3096 | D:3      | Succumbed to an adder's poison

Illustrated notes

Levels and vault maps discovered:
D:1:      eino_arrival_cavern_a, layout_basic, minmay_split_cup_small
D:2:      layout_basic, nicolae_elyvilon_peaceful_grove, serial_bayou_pond_b
D:3:      layout_rooms, minivault_25, minivault_11, chequers_jeans,
          kennysheep_generic_room_5, uniq_jessica

Skill      XL: |  1  2  3  4 |
---------------+-------------+-----
Polearms       | 4 5 |  5.2
Fighting       | 4 |  4.5
Armour         | 3 |  3.5
Dodging        | 3 |  3.2
Shields        | 1 |  1.4

Action                   |  1- 3 |  4- 6 || total
-------------------------+-------+-------++-------
Melee: Spear             |   103 |    54 ||   157
       Headbutt          |    22 |    13 ||    35
       Trident           |       |    17 ||    17
Invok: Berserk           |     1 |     2 ||     3
 Stab: Sleeping          |     2 |       ||     2
Armor: Animal skin       |     7 |     8 ||    15
Dodge: Dodged            |    34 |    30 ||    64
Block: Kite shield       |     4 |    26 ||    30

Table legend: (Time is in decaauts)
 A = Elapsed time spent in this place.
 B = Non-inter-level travel time spent in this place.
 C = Inter-level travel time spent in this place.
 D = Time resting spent in this place.
 E = Time spent auto-exploring this place.
 F = Levels seen in this place.
 G = Mean time per level.
                   A        B        C        D        E       F      G
               +--------+--------+--------+--------+--------+-----+--------+
         Total |   3123 |   3092 |     31 |     76 |   2652 |   3 | 1041.0 |
       Dungeon |   3123 |   3092 |     31 |     76 |   2652 |   3 | 1041.0 |
               +--------+--------+--------+--------+--------+-----+--------+

Top non-repeatable levels by time:
     D:1: 1255 daAuts
     D:2: 1075 daAuts
     D:3: 793 daAuts
